[Event "*** MasterClass Titled Tuesday Blitz"]
[Site "Chess.com"]
[Date "2017.12.12"]
[Round "6"]
[White "nurmiTV"]
[Black "calemcc"]
[Result "1-0"]
[WhiteElo "2453"]
[BlackElo "2277"]
[TimeControl "180+2"]
[EndTime "14:20:31 PST"]
[Termination "nurmiTV won by checkmate"]

1. e4 e6 2. d4 d5 3. Nd2 Nc6 4. Ngf3 Nf6 5. e5 Nd7 6. Bb5 a5 7. O-O Be7 8. c3 Na7 9. Bd3 c5 10. Re1 Nc6 11. Nf1 O-O 12. Ng3 b6 13. h4 Ba6 14. Bxa6 Rxa6 15. Ng5 Bxg5 16. Bxg5 Qc8 17.
Nh5 Re8 18. Qg4 g6 19. Nf6+ Nxf6 20. Bxf6 Ne7 21. Qg5 Ra7 22. g4 cxd4 23. Qh6 Nf5 24. gxf5 Qxc3 25. Qg7# 1-0

[Event "*** MasterClass Titled Tuesday Blitz"]
[Site "Chess.com"]
[Date "2017.12.12"]
[Round "6"]
[White "goldenspine"]
[Black "Alex_Banzea"]
[Result "1-0"]
[WhiteElo "2295"]
[BlackElo "2230"]
[TimeControl "180+2"]
[EndTime "14:20:35 PST"]
[Termination "goldenspine won by resignation"]

1. Nf3 Nf6 2. g3 e6 3. d4 b6 4. Bg2 Bb7 5. O-O Be7 6. c4 O-O 7. Nc3 Ne4 8. Qc2 f5 9. b3 Nxc3 10.
Qxc3 Bf6 11. Bb2 d6 12. Rad1 Be4 13. Bh3 Nd7 14. Nd2 Bb7 15. e4 c5 16. exf5 Bxd4 17. Qc2 Bxb2 18. Qxb2 exf5 19. Nb1 Ne5 20. Bg2 Bxg2 21.
Kxg2 f4 22. f3 Qf6 23. Qd2 fxg3 24. hxg3 Rad8 25. Nc3 Nc6 26. Qd5+ Kh8 27. Ne4 1-0

[Event "*** MasterClass Titled Tuesday Blitz"]
[Site "Chess.com"]
[Date "2017.12.12"]
[Round "6"]
[White "Kaphrep"]
[Black "Arm-Akiba"]
[Result "1-0"]
[WhiteElo "2628"]
[BlackElo "2689"]
[TimeControl "180+2"]
[EndTime "14:21:16 PST"]
[Termination "Kaphrep won by resignation"]

1. Nf3 Nf6 2. g3 d5 3. Bg2 g6 4. c4 c6 5. d4 Bg7 6. O-O O-O 7.
Ne5 e6 8. Nc3 Nbd7 9. f4 dxc4 10. Nxc4 c5 11. dxc5 Nxc5 12. Be3 Ncd7 13. Nb5 Ng4 14. Bd4 a6 15. Bxg7 Kxg7 16. Nbd6 Rb8 17. Qd4+ Ngf6 18. Rad1 b5 19. Ne5 Nxe5 20. fxe5 Nd5 21.
Bxd5 exd5 22. e6+ f6 23. Qa7+ Bd7 24. Qxd7+ Qxd7 25. exd7 Rfd8 26. Rxd5 1-0

[Event "*** MasterClass Titled Tuesday Blitz"]
[Site "Chess.com"]
[Date "2017.12.12"]
[Round "6"]
[White "PulpanJ"]
[Black "joppie2"]
[Result "1-0"]
[WhiteElo "2484"]
[BlackElo "2629"]
[TimeControl "180+2"]
[EndTime "14:21:25 PST"]
[Termination "PulpanJ won by resignation"]

1. d4 d5 2. Nf3 Nf6 3. c4 c6 4. Nbd2 Bf5 5. Nh4 Be6 6. e3 g5 7. Nhf3 g4 8. Ne5 Nbd7 9. Nd3 Bh6 10. Ne5 Nxe5 11. dxe5 Nd7 12. cxd5 cxd5 13. f4 gxf3 14. Nxf3 Rg8 15. Qd3 Qb6 16. Bd2 Rc8 17. b3 Rg6 18. Nh4 Nxe5 19. Qb5+ Bd7 20. Qxd5 Re6 21. Nf5 Bc6 22.
Qd4 Bxe3 23. Ng7+ Kf8 24. Nxe6+ fxe6 25. Bxe3 Qc7 26. Bf4 Qa5+ 27. b4 1-0

[Event "*** MasterClass Titled Tuesday Blitz"]
[Site "Chess.com"]
[Date "2017.12.12"]
[Round "6"]
[White "TijanaBlagojevic"]
[Black "ChristopherYoo"]
[Result "1-0"]
[WhiteElo "2368"]
[BlackElo "2252"]
[TimeControl "180+2"]
[EndTime "14:21:32 PST"]
[Termination "TijanaBlagojevic won by checkmate"]

1. e4 c5 2. Nf3 d6 3. Bb5+ Nd7 4.
O-O a6 5. Bd3 Ngf6 6. Re1 b5 7. c4 b4 8. Bc2 e5 9. a3 bxa3 10. Rxa3 Be7 11. Nc3 O-O 12. Nh4 Nb6 13. Qe2 g6 14. Nf3 Nh5 15. d3 Kg7 16. Nd5 Nxd5 17.
cxd5 f5 18. exf5 Be6 19. fxe6 h6 20. Qe4 Nf4 21. d4 cxd4 22. Nxd4 Qb6 23. Bxf4 Rxf4 24. Qxg6+ Kf8 25. Qxh6+ Ke8 26. Qg6+ Kd8 27. Nc6+ Kc7 28.
Rf1 Raf8 29. Qg7 Rxf2 30. Qxe7+ Kc8 31. Qd7# 1-0

[Event "*** MasterClass Titled Tuesday Blitz"]
[Site "Chess.com"]
[Date "2017.12.12"]
[Round "6"]
[White "AndreyOstrovskiy"]
[Black "JSMastropiero"]
[Result "0-1"]
[WhiteElo "2474"]
[BlackElo "2321"]
[TimeControl "180+2"]
[EndTime "14:21:33 PST"]
[Termination "JSMastropiero won by resignation"]

1. e4 e5 2. Nf3 Nc6 3. Bb5 a6 4. Bxc6 dxc6 5. O-O Be7 6. d3 Bf6 7. Be3 Ne7 8. h3 Ng6 9. Nbd2 Qe7 10. Nc4 Be6 11.
Na5 b6 12. Nb3 c5 13. Nbd2 Qd7 14. a4 a5 15. b3 h6 16. Nc4 O-O-O 17. Qe1 Bxh3 18.
Kh2 Bxg2 19. Kxg2 Qg4+ 0-1

[Event "*** MasterClass Titled Tuesday Blitz"]
[Site "Chess.com"]
[Date "2017.12.12"]
[Round "6"]
[White "FearNoEvil12"]
[Black "dawtonlms"]
[Result "0-1"]
[WhiteElo "2057"]
[BlackElo "2273"]
[TimeControl "180+2"]
[EndTime "14:21:41 PST"]
[Termination "dawtonlms won by resignation"]

1. e4 c5 2. Nc3 g6 3. f4 Bg7 4. Nf3 Nc6 5. Bc4 e6 6. f5 Nge7 7. fxg6 fxg6 8. d3 O-O 9. O-O a6 10. a4 d5 11. Bb3 Nd4 12. Bg5 Nxb3 13. cxb3 dxe4 14. dxe4 Qxd1 15. Raxd1 Nc6 16. Be3 b6 17. Rd6 Bb7 18. Rxe6 Rfe8 19. Rxe8+ Rxe8 20. Ng5 Nd4 21. Rf7 Bc6 22. Rc7 h6 23. Nf3 Bxe4 24. Nxe4 Rxe4 25. Kf2 Nxb3 26. Rc6 Rb4 27. Rxg6 Kh7 28. Re6 Nd4 29. Bc1 Nxe6 0-1

[Event "*** MasterClass Titled Tuesday Blitz"]
[Site "Chess.com"]
[Date "2017.12.12"]
[Round "6"]
[White "xamax2000"]
[Black "benhal"]
[Result "1-0"]
[WhiteElo "2279"]
[BlackElo "2271"]
[TimeControl "180+2"]
[EndTime "14:21:47 PST"]
[Termination "xamax2000 won by resignation"]

1. e4 g6 2. d4 Bg7 3. Nc3 c6 4.
f4 d5 5. e5 Nh6 6. Nf3 O-O 7.
Be2 f6 8. O-O Bf5 9. h3 Qb6 10.
g4 Be6 11. Na4 Qc7 12. Nc5 Bc8 13. Qe1 b6 14. Nd3 c5 15. f5 gxf5 16. Qh4 Nf7 17. gxf5 Bxf5 18. Nf4 fxe5 19. Nxd5 Qd7 20. Nxe7+ Kh8 21.
Nxf5 Qxf5 22. Nxe5 Qe6 23. Bc4 Qd6 24. Rxf7 Nc6 25. Rxg7 Kxg7 26. Qg3+ Kh8 27. Nf7+ Rxf7 28.
Qxd6 Rg7+ 29. Kh1 Nxd4 30. Bh6 Re8 31. Bxg7+ Kxg7 32. Rg1+ 1-0

[Event "*** MasterClass Titled Tuesday Blitz"]
[Site "Chess.com"]
[Date "2017.12.12"]
[Round "6"]
[White "twitchTriniCupid"]
[Black "jposthuma"]
[Result "0-1"]
[WhiteElo "2213"]
[BlackElo "2330"]
[TimeControl "180+2"]
[EndTime "14:21:47 PST"]
[Termination "jposthuma won by resignation"]

1. d4 Nf6 2. c4 c5 3. d5 b5 4. Nd2 bxc4 5. e4 e6 6. dxe6 fxe6 7. Bxc4 d5 8. Bb5+ Bd7 9. Qa4 Be7 10. Ngf3 O-O 11. e5 Bxb5 12. Qxb5 Nfd7 13. Qb7 Nb6 14. a4 Rf7 15. a5 Bf8 16. Qxf7+ Kxf7 17. axb6 Qxb6 18.
Ng5+ Kg8 19. O-O Be7 20. Ngf3 Nc6 21. Re1 Nb4 22. Rd1 Rf8 23. Nf1 Nc2 24. Ra3 Nxa3 0-1

[Event "*** MasterClass Titled Tuesday Blitz"]
[Site "Chess.com"]
[Date "2017.12.12"]
[Round "6"]
[White "gammagramma"]
[Black "GMKrikor"]
[Result "1-0"]
[WhiteElo "2474"]
[BlackElo "2642"]
[TimeControl "180+2"]
[EndTime "14:21:51 PST"]
[Termination "gammagramma won by resignation"]

1. d4 Nf6 2. Bf4 d5 3. e3 c5 4. c3 Nc6 5. Nd2 e6 6. Ngf3 Nh5 7.
Be5 f6 8. Bg3 Qb6 9. Qc2 Bd7 10.
Bd3 g6 11. Bh4 Kf7 12. g4 Ng7 13. g5 f5 14. Bg3 Rc8 15. Ne5+ Nxe5 16. Bxe5 Be7 17.
Nf3 h6 18. gxh6 Rxh6 19. O-O-O cxd4 20. Bxd4 Qc7 21. Rdg1 Bf6 22. Qb3 Rh5 23. h4 a5 24.
Be2 a4 25. Qd1 e5 26. Bxe5 Bxe5 27. Qxd5+ Kf6 28. Nxe5 1-0

[Event "*** MasterClass Titled Tuesday Blitz"]
[Site "Chess.com"]
[Date "2017.12.12"]
[Round "6"]
[White "mazetofonias"]
[Black "Annawel"]
[Result "0-1"]
[WhiteElo "2468"]
[BlackElo "2736"]
[TimeControl "180+2"]
[EndTime "14:22:07 PST"]
[Termination "Annawel won by resignation"]

1. e4 e5 2. Nf3 d6 3. d4 exd4 4.
Nxd4 Nf6 5. Nc3 Be7 6. Bd3 O-O 7.
O-O Re8 8. Re1 a6 9. a4 c5 10.
Nb3 Be6 11. Nd2 Nc6 12. Nc4 Rb8 13. Ne3 Nb4 14. Bf1 Bf8 15. a5 Nc6 16. Ned5 Bxd5 17. exd5 Rxe1 18. Qxe1 Nb4 19. Qd1 Qd7 20. Bc4 Qf5 21.
Bd3 Nxd3 22. Qxd3 Qxd3 23. cxd3 h6 24. Kf1 g5 25. Ra2 Kh7 26. h3 Kg6 27. g4 Nd7 28.
Be3 f5 29. f3 Bg7 30. Na4 Ne5 31. gxf5+ Kxf5 32. Ke2 Re8 33. Nb6 Ng6 34. Kf2 Nf4 35. Bxf4 Bd4+ 36. Kg2 Kxf4 37. b3 Re3 38. Nc4 Rxf3 39.
Nxd6 Rg3+ 40. Kh2 Rxd3 41. Nxb7 Kf3 42. d6 Be5+ 0-1

[Event "*** MasterClass Titled Tuesday Blitz"]
[Site "Chess.com"]
[Date "2017.12.12"]
[Round "6"]
[White "grzechu96"]
[Black "bascheyaro"]
[Result "0-1"]
[WhiteElo "2453"]
[BlackElo "2635"]
[TimeControl "180+2"]
[EndTime "14:22:17 PST"]
[Termination "bascheyaro won by resignation"]

1. e4 e6 2. d4 d5 3. Nc3 Bb4 4. e5 Ne7 5. a3 Bxc3+ 6. bxc3 b6 7. Qg4 O-O 8. Bg5 Qe8 9. Bd3 Nf5 10. Nf3 Kh8 11. O-O Ba6 12. Bxf5 exf5 13. Qxf5 Bxf1 14. Rxf1 Qe6 15. Qf4 Nd7 16. Bh4 h6 17. Qd2 Rac8 18.
Ne1 c5 19. f4 cxd4 20. cxd4 f5 21. exf6 Nxf6 22. Bxf6 Rxf6 23. Nd3 Qe4 24. c3 Rfc6 25. Re1 Qf5 26. Re5 Qf6 27. Rxd5 Rxc3 28. h3 Rxa3 29. Ne5 Qf5 30. Rd7 Qb1+ 31. Kh2 Rc2 32. Ng6+ Kh7 33. f5 Rxd2 34. Rd8 Rxg2+ 35. Kxg2 Qc2+ 0-1

[Event "*** MasterClass Titled Tuesday Blitz"]
[Site "Chess.com"]
[Date "2017.12.12"]
[Round "6"]
[White "liquormark"]
[Black "sandager"]
[Result "0-1"]
[WhiteElo "1992"]
[BlackElo "1968"]
[TimeControl "180+2"]
[EndTime "14:22:19 PST"]
[Termination "sandager won by checkmate"]

1. c4 e5 2. Nc3 Nf6 3. Nf3 Nc6 4.
g3 Bc5 5. Bg2 O-O 6. O-O d6 7.
d3 h6 8. e3 Re8 9. a3 a5 10. d4 exd4 11. exd4 Bb6 12. Rb1 Bg4 13. Qd3 Bh5 14. Ra1 a4 15. Nh4 Nxd4 16. Bxb7 Ne2+ 17. Kh1 Nxc3 18. Qxc3 Ne4 19. Qc2 f5 20. Nxf5 Bf3+ 21. Kg1 Nxf2 22. Bxf3 Nd3+ 23. Kg2 Ne1+ 24. Rxe1 Rxe1 25.
Bg5 Qe8 26. Rxe1 Qxe1 27. Bxa8 Qg1+ 28. Kh3 Qf1+ 29. Kg4 h5+ 30. Kxh5 Qh3+ 31. Kg6 Qh7# 0-1

[Event "*** MasterClass Titled Tuesday Blitz"]
[Site "Chess.com"]
[Date "2017.12.12"]
[Round "6"]
[White "SenseiJulio"]
[Black "BilodeauA"]
[Result "1-0"]
[WhiteElo "2546"]
[BlackElo "2736"]
[TimeControl "180+2"]
[EndTime "14:22:23 PST"]
[Termination "SenseiJulio won by checkmate"]

1. Nf3 d5 2. e3 Bg4 3. c4 dxc4 4.
Bxc4 e6 5. Qb3 Bxf3 6. gxf3 Qc8 7. Nc3 Nd7 8. f4 Ne7 9. d4 Nf5 10. d5 Nc5 11. Qc2 exd5 12. Nxd5 c6 13. Nc7+ Qxc7 14. Qxf5 Bd6 15. Bd2 O-O 16. Rg1 Rfe8 17. Bc3 Ne6 18. O-O-O Bf8 19. Rg3 b5 20. Bb3 b4 21. Be5 Qe7 22.
Rdg1 g6 23. Rxg6+ hxg6 24. Rxg6+ fxg6 25. Qxg6+ Bg7 26. Bxe6+ Kf8 27. Bd6 Rad8 28. Qf7# 1-0

[Event "*** MasterClass Titled Tuesday Blitz"]
[Site "Chess.com"]
[Date "2017.12.12"]
[Round "6"]
[White "visa"]
[Black "Jbd735"]
[Result "0-1"]
[WhiteElo "2093"]
[BlackElo "2260"]
[TimeControl "180+2"]
[EndTime "14:22:28 PST"]
[Termination "Jbd735 won by checkmate"]

1. e4 e5 2. d4 exd4 3. Qxd4 Nc6 4. Qe3 Nf6 5. Bd2 Bb4 6. Nc3 O-O 7. O-O-O Re8 8. f3 d5 9. Qf2 d4 10. Nb5 Bc5 11.
Bf4 Bb6 12. Ne2 Nh5 13. Be3 dxe3 14. Rxd8 Rxd8 15. Qh4 Nf6 16. Nbc3 Be6 17. g4 Rd2 18. g5 Nd7 19. f4 Nb4 20. f5 Bxa2 21. f6 Rxc2+ 22.
Kd1 Rd2+ 23. Kc1 Nd3# 0-1

[Event "*** MasterClass Titled Tuesday Blitz"]
[Site "Chess.com"]
[Date "2017.12.12"]
[Round "6"]
[White "juniortay"]
[Black "evgenysharapov"]
[Result "0-1"]
[WhiteElo "2313"]
[BlackElo "2325"]
[TimeControl "180+2"]
[EndTime "14:22:32 PST"]
[Termination "evgenysharapov won on time"]

1. e4 c5 2. Nc3 Nc6 3. Bb5 Nd4 4. Bc4 e6 5. Nge2 Nf6 6. O-O a6 7. a4 d5 8. exd5 exd5 9. Nxd5 Nxd5 10. Nxd4 cxd4 11.
Qh5 Be6 12. Re1 Be7 13. Rxe6 Nf4 14. Rxe7+ Qxe7 15. Qf3 Ng6 16. b3 Ne5 17. Qd1 Nxc4 18. bxc4 f6 19. Ba3 Qd7 20. d3 Kf7 21. Rb1 Rhe8 22.
g3 Kg8 23. Qf3 Qc6 24. Qf4 Re2 0-1

[Event "*** MasterClass Titled Tuesday Blitz"]
[Site "Chess.com"]
[Date "2017.12.12"]
[Round "6"]
[White "inegrepus"]
[Black "toad"]
[Result "0-1"]
[WhiteElo "2036"]
[BlackElo "2195"]
[TimeControl "180+2"]
[EndTime "14:22:35 PST"]
[Termination "toad won by resignation"]

1. d4 Nf6 2. c4 g6 3. Nc3 d5 4. Nf3 Bg7 5. Qb3 dxc4 6. Qxc4 O-O 7. e4 a6 8. Be2 b5 9. Qb3 c5 10. dxc5 Qc7 11. O-O Nbd7 12. Nd5 Nxd5 13. exd5 Nxc5 14. Qc2 Bf5 15. Qd1 Rfd8 16. Be3 Na4 17. Rc1 Qb7 18. Rc6 Nxb2 19. Qb3 Be4 20. Rb6 Qxd5 21. Qa3 Nc4 22. Bxc4 bxc4 23. Rxa6 Rxa6 24. Qxa6 c3 25. Ng5 Bd3 0-1

[Event "*** MasterClass Titled Tuesday Blitz"]
[Site "Chess.com"]
[Date "2017.12.12"]
[Round "6"]
[White "JSPrepz"]
[Black "GMBenjaminBok"]
[Result "0-1"]
[WhiteElo "2714"]
[BlackElo "2629"]
[TimeControl "180+2"]
[EndTime "14:22:36 PST"]
[Termination "GMBenjaminBok won by checkmate"]

1. e4 e5 2. Nf3 Nc6 3. Nc3 Nf6 4. a3 g6 5. Nxe5 Nxe5 6. d4 Nc6 7. d5 Bg7 8. dxc6 bxc6 9. Bd3 O-O 10. O-O Re8 11. Bg5 h6 12. Bh4 g5 13. Bg3 d6 14.
Re1 Rb8 15. Rb1 Ng4 16. Bc4 Ne5 17. Ba2 Qf6 18. f3 Be6 19. Bxe6 Qxe6 20. Qe2 Nc4 21. Nd1 Nxb2 22. Ne3 Bd4 23. Kh1 Bxe3 24. Qxe3 c5 25. h4 Nc4 26. Qc3 Ne5 27. Qa5 Rxb1 28. Rxb1 Nxf3 29. gxf3 Qh3+ 30. Bh2 Qxf3+ 31. Kg1 Rxe4 32. Rb8+ Kh7 33. Rb3 Rg4+ 34. Bg3 Rxg3+ 35. Kh2 Qg2# 0-1

[Event "*** MasterClass Titled Tuesday Blitz"]
[Site "Chess.com"]
[Date "2017.12.12"]
[Round "6"]
[White "saraswathii"]
[Black "StoreySniper"]
[Result "1-0"]
[WhiteElo "2269"]
[BlackElo "2282"]
[TimeControl "180+2"]
[EndTime "14:22:52 PST"]
[Termination "saraswathii won on time"]

1. d4 g6 2. Bf4 Bg7 3. e3 d6 4. Nf3 Nd7 5. Be2 b6 6. c4 Bb7 7. Nc3 Ngf6 8. h3 O-O 9. O-O Re8 10. Qd2 c6 11. Rad1 Qc7 12. d5 cxd5 13. cxd5 Rac8 14. Rfe1 Nc5 15. Bb5 Red8 16. e4 a6 17. Bf1 Ncd7 18. Rc1 Qb8 19. Bd3 b5 20. a3 Nh5 21. Bg5 Bf6 22.
Be3 Ne5 23. Nxe5 dxe5 24. Bb6 1-0

[Event "*** MasterClass Titled Tuesday Blitz"]
[Site "Chess.com"]
[Date "2017.12.12"]
[Round "6"]
[White "chito89"]
[Black "AkshatChandra"]
[Result "1-0"]
[WhiteElo "2586"]
[BlackElo "2709"]
[TimeControl "180+2"]
[EndTime "14:23:00 PST"]
[Termination "chito89 won on time"]

1. d4 Nf6 2. c4 e6 3. Nf3 d5 4.
g3 Bb4+ 5. Bd2 Be7 6. Bg2 O-O 7. O-O Nbd7 8. Qc2 Ne4 9. Nc3 Nxd2 10. Nxd2 c6 11.
Rfd1 f5 12. e3 Nf6 13. Rab1 g5 14. b4 h5 15. b5 h4 16. Nf3 hxg3 17. hxg3 Ng4 18.
Qe2 Bd7 19. bxc6 bxc6 20. cxd5 cxd5 21. Ne5 Nxe5 22. dxe5 Rb8 23. Rxb8 Qxb8 24. Rb1 Qxe5 25. Rb7 Rd8 26. Nb5 Bc5 27. Qh5 Kg7 28. Nc7 Qf6 29.
Ne8+ Rxe8 30. Qxe8 1-0

[Event "*** MasterClass Titled Tuesday Blitz"]
[Site "Chess.com"]
[Date "2017.12.12"]
[Round "6"]
[White "florianschwabeneder"]
[Black "amaidel"]
[Result "1-0"]
[WhiteElo "2478"]
[BlackElo "2479"]
[TimeControl "180+2"]
[EndTime "14:23:18 PST"]
[Termination "florianschwabeneder won by resignation"]

1. e4 e5 2. Nf3 Nf6 3. Nxe5 d6 4. Nc4 Nxe4 5. Qe2 Qe7 6. Ne3 Nf6 7. g3 g6 8. Bg2 Bg7 9. O-O O-O 10. d4 c6 11.
c4 Na6 12. Nc3 Nc7 13. Qc2 Ng4 14. Nxg4 Bxg4 15. Be3 Qd7 16. Rfe1 Bh3 17. Bh1 Rfe8 18. d5 c5 19. a4 b6 20. Qd2 a6 21. Bf4 Rxe1+ 22. Rxe1 Re8 23. Ne4 b5 24. axb5 axb5 25. Nxd6 Rxe1+ 26. Qxe1 Bxb2 27. Nxb5 Nxb5 28. cxb5 Qxb5 29.
d6 Bd4 30. Bg2 Bxg2 31. Kxg2 Qc6+ 32. f3 g5 33. Qe7 gxf4 34. d7 Bf6 35. d8=Q+ Kg7 36.
Qef8+ Kg6 37. Qg8+ Bg7 38. Qd3+ Kh6 39. Qgxh7+ Kg5 40. h4+ 1-0

[Event "*** MasterClass Titled Tuesday Blitz"]
[Site "Chess.com"]
[Date "2017.12.12"]
[Round "6"]
[White "tteshan"]
[Black "dusanacns"]
[Result "0-1"]
[WhiteElo "2028"]
[BlackElo "2578"]
[TimeControl "180+2"]
[EndTime "14:23:18 PST"]
[Termination "dusanacns won by resignation"]

1. d4 g6 2. c4 Bg7 3. Nc3 Nf6 4. e4 O-O 5. Be2 c6 6. Bg5 d5 7.
cxd5 cxd5 8. e5 Ne4 9. Nxe4 dxe4 10. Qd2 Nc6 11. Rd1 f6 12. exf6 exf6 13. Bc4+ Kh8 14. Be3 f5 15. Ne2 Na5 16. b3 a6 17. O-O b5 18. Bg5 Qb6 19. Bd5 Ra7 20. b4 Nc4 21. Bxc4 bxc4 22. Rb1 Be6 23. d5 Bg8 24. Be3 Qb7 25. Bxa7 Qxa7 26. Rfd1 f4 27. Nxf4 c3 28. Qc1 c2 29. Nxg6+ hxg6 30. Qxc2 e3 31. fxe3 Qxe3+ 32. Kh1 Qh6 33. Qe2 Rf5 34. Rb3 Rh5 35. h3 Bxd5 36.
Rxd5 Rxd5 37. Rf3 Kh7 38. Qc2 Rd2 39. Qb1 Qg5 40. Qf1 Qd5 41. Rf4 Rd1 0-1

[Event "*** MasterClass Titled Tuesday Blitz"]
[Site "Chess.com"]
[Date "2017.12.12"]
[Round "6"]
[White "Big_Fishy"]
[Black "Blitzstream"]
[Result "1-0"]
[WhiteElo "2375"]
[BlackElo "2482"]
[TimeControl "180+2"]
[EndTime "14:23:19 PST"]
[Termination "Big_Fishy won on time"]

1. e4 d5 2. exd5 Qxd5 3. Nc3 Qa5 4. Nf3 Nf6 5. d4 c6 6. Bd2 Bf5 7. Bc4 e6 8. Ne5 Qb6 9. Qf3 Qxd4 10. Bf4 Nbd7 11. Nxd7 Nxd7 12. Bb3 Ne5 13. Qg3 Ng6 14. Be3 Qd6 15. f4 Be7 16. Rd1 Qc7 17. O-O O-O 18.
Qf3 Nh4 19. Qf2 Bg6 20. g4 h5 21. h3 hxg4 22. hxg4 Rad8 23. f5 exf5 24. g5 Bh5 25.
Qxh4 Bxd1 26. Nxd1 Qe5 27. Bf4 Bc5+ 28. Nf2 Qe2 29.
g6 1-0

[Event "*** MasterClass Titled Tuesday Blitz"]
[Site "Chess.com"]
[Date "2017.12.12"]
[Round "6"]
[White "Kawhi_Leonard2"]
[Black "ristingho"]
[Result "0-1"]
[WhiteElo "2259"]
[BlackElo "2351"]
[TimeControl "180+2"]
[EndTime "14:23:20 PST"]
[Termination "ristingho won on time"]

1. e4 e6 2. d4 d5 3. Nd2 a6 4. Bd3 c5 5. dxc5 Bxc5 6. Ngf3 Nc6 7. c3 Nge7 8. O-O Qc7 9. Qc2 h6 10. Re1 O-O 11. exd5 Nxd5 12. Ne4 Be7 13. Bd2 b6 14.
Qc1 f5 15. Ng3 Bd7 16. Bxh6 gxh6 17. Qxh6 Rf7 18. Nh5 Rh7 19. Qg6+ Kh8 20. c4 Rg8 21. Qxh7+ Kxh7 22. cxd5 exd5 23. Rac1 Qd6 24. Ng3 Rf8 25. Rcd1 Kg8 26. Bxa6 f4 27. Ne2 Bg4 28. Rd3 Nb4 29. Ra3 Nxa6 30. Rxa6 Bxf3 31. gxf3 Rf7 32. Rd1 Rg7+ 33.
Kf1 Qg6 34. Nc3 Bc5 35. Ra8+ Kh7 36. Rxd5 Qg2+ 37. Ke1 Re7+ 38. Kd1 Qxf2 0-1

[Event "*** MasterClass Titled Tuesday Blitz"]
[Site "Chess.com"]
[Date "2017.12.12"]
[Round "6"]
[White "chidori_boruto"]
[Black "djano"]
[Result "1-0"]
[WhiteElo "2522"]
[BlackElo "2366"]
[TimeControl "180+2"]
[EndTime "14:23:21 PST"]
[Termination "chidori_boruto won by checkmate"]

1. d4 Nf6 2. Nf3 g6 3. Bf4 Bg7 4. e3 O-O 5. h3 d6 6. Bc4 b6 7. O-O Bb7 8. Qe2 e6 9. c3 Qe7 10. Nbd2 Ne4 11. Nxe4 Bxe4 12. Nd2 Bb7 13. Bh2 Nd7 14. Ba6 Bc6 15. a4 Rae8 16. e4 Nb8 17. Bb5 Qd7 18. Rfd1 a6 19. Bxa6 Bxa4 20. b3 Bc6 21.
Bd3 Bh6 22. Ra7 Re7 23. Nc4 Qd8 24. Rda1 Bg7 25. Bg3 h5 26. Bh4 f6 27. e5 dxe5 28.
dxe5 g5 29. Rd1 Rd7 30. exf6 Qxf6 31. Bg3 Qxc3 32. Ne5 h4 33. Nxd7 Bxd7 34. Rxc7 Qxb3 35. Qh5 Rd8 36. Bh7+ Kf8 37. Bd6# 1-0

[Event "*** MasterClass Titled Tuesday Blitz"]
[Site "Chess.com"]
[Date "2017.12.12"]
[Round "6"]
[White "1random"]
[Black "GM-2023"]
[Result "1-0"]
[WhiteElo "2146"]
[BlackElo "2047"]
[TimeControl "180+2"]
[EndTime "14:23:22 PST"]
[Termination "1random won on time"]

1. e4 e5 2. Nf3 Nc6 3. Bc4 Nf6 4. d4 exd4 5. e5 d5 6. Bb5 Ne4 7. Nxd4 Bc5 8. Be3 O-O 9. Nxc6 bxc6 10. Bxc5 Nxc5 11.
Bxc6 Rb8 12. Qxd5 Qe7 13. O-O Rxb2 14. Nc3 Rxc2 15. Ne4 Be6 16. Qd1 Rxa2 17. Rxa2 Bxa2 18. Qc2 Nxe4 19. Qxa2 Nc3 20. Qa5 Ne2+ 21. Kh1 Qg5 22. Qxc7 Nd4 23. Bd5 Qd2 24. f4 Nf5 25. Rb1 Ne3 26.
Qxf7+ 1-0

[Event "*** MasterClass Titled Tuesday Blitz"]
[Site "Chess.com"]
[Date "2017.12.12"]
[Round "6"]
[White "Veiso"]
[Black "Scott-fox21"]
[Result "1-0"]
[WhiteElo "2235"]
[BlackElo "2138"]
[TimeControl "180+2"]
[EndTime "14:23:23 PST"]
[Termination "Veiso won by resignation"]

1. d4 d5 2. c4 e6 3. Nf3 c6 4. Nbd2 Bb4 5. a3 Be7 6. e4 dxe4 7. Nxe4 Nf6 8. Nc3 O-O 9. Bd3 c5 10. dxc5 Bxc5 11. b4 Be7 12. O-O a5 13. Bb2 axb4 14. axb4 Rxa1 15. Bxa1 Bxb4 16. Qe2 Nc6 17. Rd1 Qa5 18.
Nb5 Nd7 19. Qe4 g6 20. Qh4 Be7 21. Qh6 e5 22. h4 Qa4 23. Nc3 Qa3 24. Nd5 Qd6 25.
Ng5 Bxg5 26. hxg5 Ne7 27. Nc3 Qe6 28. g3 Nf5 29. Bxf5 Qxf5 30. Nd5 f6 31. Ne7+ Kf7 32. Nxf5 gxf5 33. Qxh7+ Ke6 34. g6 1-0

[Event "*** MasterClass Titled Tuesday Blitz"]
[Site "Chess.com"]
[Date "2017.12.12"]
[Round "6"]
[White "Alliswell998"]
[Black "BartoszSocko"]
[Result "0-1"]
[WhiteElo "2345"]
[BlackElo "2546"]
[TimeControl "180+2"]
[EndTime "14:23:25 PST"]
[Termination "BartoszSocko won by checkmate"]

1. e4 e6 2. d4 d5 3. Nc3 Bb4 4. exd5 exd5 5. Bd3 Nc6 6. a3 Bxc3+ 7. bxc3 Nge7 8.
Qh5 Be6 9. Ne2 Qd7 10. O-O O-O-O 11. Nf4 g6 12. Qg5 Bf5 13. Re1 Rhe8 14. a4 h6 15. Qg3 Bxd3 16. Nxd3 Nf5 17. Qf3 Rxe1+ 18. Nxe1 Na5 19. Nd3 Nc4 20. Nc5 Qe7 21. Bf4 b6 22. Na6 Rd7 23. Nb4 Qe6 24. h3 a5 25. Nd3 Qe4 26.
Qg4 h5 27. Qg5 Qe7 28. Re1 Qxg5 29. Bxg5 Kb7 30. Re8 Nfd6 31. Rf8 Ne4 32. Bd8 Nxc3 33. f4 Ne2+ 34. Kf2 Nxd4 35. g4 hxg4 36. hxg4 Ne6 37.
Ne5 Nxf8 38. Nxd7 Nxd7 39. Be7 Nb2 40. Ke3 Nxa4 41. Kd4 c6 42. c4 dxc4 43. Kxc4 Nac5 44. f5 Ne5+ 45. Kd4 Nxg4 46. fxg6 fxg6 47. Bg5 Ne6+ 48. Kc4 Nxg5 49. Kb3 b5 50. Ka3 c5 51. Kb3 a4+ 52. Ka3 Kb6 53. Ka2 b4 54. Kb2 c4 55.
Ka2 a3 56. Kb1 b3 57. Ka1 c3 58. Kb1 Ne3 59. Ka1 Ne4 60. Kb1 g5 61. Ka1 g4 62.
Kb1 g3 63. Kc1 g2 64. Kb1 g1=Q# 0-1

[Event "*** MasterClass Titled Tuesday Blitz"]
[Site "Chess.com"]
[Date "2017.12.12"]
[Round "6"]
[White "DrVelja"]
[Black "lukas_111111"]
[Result "1-0"]
[WhiteElo "2548"]
[BlackElo "2449"]
[TimeControl "180+2"]
[EndTime "14:23:34 PST"]
[Termination "DrVelja won by resignation"]

1. e4 e6 2. d4 d5 3. Nc3 Bb4 4. Ne2 Nc6 5. a3 Bxc3+ 6. Nxc3 dxe4 7. d5 exd5 8. Qxd5 Be6 9. Qxe4 Nf6 10. Qh4 O-O 11.
Bg5 Re8 12. Be2 Nd4 13. O-O-O Nxe2+ 14. Nxe2 Qe7 15. Nc3 h6 16. Bxf6 Qxf6 17. Qxf6 gxf6 18. Rhe1 Kg7 19. Rd3 Bf5 20. Rg3+ Bg6 21. Rge3 Rxe3 22. Rxe3 c6 23. Re7 Rb8 24. Na4 Kf8 25. Rc7 Bf5 26.
Nc5 Bc8 27. Ne4 b6 28. Nxf6 Kg7 29. Ne8+ Kf8 30. Nd6 Be6 31. Rxc6 Bd5 32. Rc7 Bxg2 33. Rxf7+ Kg8 34. Rxa7 Rd8 35. Nf5 Be4 36. Nxh6+ Kf8 37. f3 Bg6 38. Ng4 Re8 39. Rc7 Re2 40. b4 Ke8 41. a4 Kd8 42. Rc3 Re1+ 43. Kb2 Rd1 44.
Ne5 Bf5 45. Nc4 1-0

[Event "*** MasterClass Titled Tuesday Blitz"]
[Site "Chess.com"]
[Date "2017.12.12"]
[Round "6"]
[White "GMHess"]
[Black "aspired"]
[Result "0-1"]
[WhiteElo "2573"]
[BlackElo "2535"]
[TimeControl "180+2"]
[EndTime "14:23:35 PST"]
[Termination "aspired won on time"]

1. d4 d5 2. Nf3 Nf6 3. Bf4 e6 4.
e3 c5 5. c3 Nc6 6. Nbd2 Be7 7.
Bd3 Nh5 8. Be5 Nxe5 9. Nxe5 Nf6 10. Qa4+ Nd7 11. f4 f6 12. Nef3 O-O 13. g4 Rf7 14.
O-O-O c4 15. Bb1 b5 16. Qc2 Nf8 17. g5 a5 18. Rdg1 b4 19. gxf6 Bxf6 20. Ng5 Bxg5 21. Rxg5 bxc3 22. Qxc3 Qb6 23. Rhg1 Qb4 24. Nf3 Qxc3+ 25.
bxc3 Rb7 26. Ne5 a4 27. a3 Raa7 0-1